 Dungeon Crawl Stone Soup version 0.21-a0-1-gaf3b9a5 (webtiles) character file.

5139 Gorglomux the Slinger (level 10, 0/72 HPs)
             Began as a Halfling Hunter on May 20, 2017.
             Was an Elder of Okawaru.
             Shot with a bolt by a yaktaur (8 damage)
             ... on level 11 of the Dungeon.
             The game lasted 00:18:35 (12303 turns).

Gorglomux the Slinger (Halfling Hunter)            Turns: 12303, Time: 00:18:36

Health: 0/72       AC:  7    Str: 13    XL:     10   Next: 89%
Magic:  10/10      EV: 21    Int:  9    God:    Okawaru [****..]
Gold:   537        SH:  0    Dex: 19    Spells: 9/9 levels left

rFire    . . .     SeeInvis .   a - +1 hunting sling
rCold    . . .     Gourm    .   (shield restricted)
rNeg     . . .     Faith    .   u - +0 ring mail
rPois    .         Spirit   .   q - +0 helmet
rElec    .         Reflect  .   (no cloak)
rCorr    .         Harm     .   (no gloves)
MR       .....                  y - +0 pair of boots
Stlth    ++........             l - amulet of rage {+Rage, !d}
Regen    0.3/turn               k - ring of stealth {Stlth+}
MPRegen  0.2/turn               B - ring of flight {+Fly, !d}

@: no status effects
A: mutation resistance 1
a: Heroism, Renounce Religion, Evoke Berserk Rage, Evoke Flight


You were on level 11 of the Dungeon.
You worshipped Okawaru.
Okawaru was greatly pleased with you.
You were hungry.

You visited 2 branches of the dungeon, and saw 12 of its levels.

You collected 537 gold pieces.

Inventory:

Hand Weapons
 a - a +1 hunting sling (weapon)
 b - a +0 short sword
Missiles
 d - 112 sling bullets (quivered)
 e - 44 stones
 X - 2 throwing nets {=f, !d}
Armour
 q - a +0 helmet (worn)
   (You found it on level 2 of the Dungeon)
 u - a +0 ring mail (worn)
   (You found it on level 3 of the Dungeon)
 y - a +0 pair of boots (worn)
   (You found it on level 4 of the Dungeon)
Jewellery
 k - a ring of stealth (left hand) {Stlth+}
   (You found it on level 1 of the Dungeon)
 l - an amulet of rage (around neck) {+Rage, !d}
   (You found it on level 1 of the Dungeon)
 B - a ring of flight (right hand) {+Fly, !d}
   (You found it on level 4 of the Dungeon)
 G - the ring "Potaxui" {rC- MR+ Dex+7}
   (You found it on level 6 of the Dungeon)

   [ring of protection from magic]

   It affects your dexterity (+7).
   It makes you vulnerable to cold.
   It affects your resistance to hostile enchantments.
Wands
 c - a wand of iceblast (10/15)
   (You found it on level 9 of the Dungeon)
 F - a wand of confusion (20/48)
   (You found it on level 5 of the Dungeon)
 J - a wand of random effects (24/48)
   (You found it on level 7 of the Dungeon)
 L - a wand of confusion (11/48)
   (You found it on level 8 of the Dungeon)
 M - a wand of enslavement (8/24)
   (You found it on level 8 of the Dungeon)
 P - a wand of random effects (15/48)
   (You found it on level 8 of the Dungeon)
 R - a wand of disintegration (3/24)
   (You found it on level 8 of the Dungeon)
Scrolls
 h - 4 scrolls of teleportation
 i - 5 scrolls of remove curse
 j - 3 scrolls of fear {unknown}
 m - 4 scrolls of recharging
 n - 2 scrolls of immolation {unknown}
 p - 5 scrolls of magic mapping {unknown}
 t - a scroll of identify
 C - 4 scrolls of amnesia {unknown}
 E - a scroll of random uselessness
 Q - a scroll of fog {unknown}
 T - a scroll of torment {unknown}
Potions
 g - 4 potions of curing
 o - 2 potions of brilliance
 r - a potion of lignification {!q}
 v - 2 potions of haste
 z - a potion of flight
 A - 2 potions of agility
 I - a potion of cancellation
 K - a potion of ambrosia
 N - 2 potions of degeneration {!q}
 S - a potion of magic
 V - 2 potions of heal wounds
Books
 w - a book of Maledictions
   (You found it on level 4 of the Dungeon)
 D - a book of Changes
   (You found it on level 8 of the Dungeon)
 O - a book of Enchantments
   (You found it on level 8 of the Dungeon)
 U - the Volume of Changing
   (You found it on level 10 of the Dungeon)

   Spells                             Type                      Level
   a - Sticks to Snakes               Transmutation                2
   b - Ignite Poison                  Fire/Transmutation/Poison    3
   c - Petrify                        Transmutation/Earth          4
   d - Blade Hands                    Transmutation                5
   e - Hydra Form                     Transmutation                6
Comestibles
 f - 7 bread rations {@e1}
 s - 8 fruits
 x - 3 meat rations {@e2}
 H - 3 royal jellies


   Skills:
 + Level 8.3 Fighting
 + Level 13.4 Slings
 + Level 10.0 Dodging
 - Level 1.1 Stealth


You had 9 spell levels left.
You didn't know any spells.

Dungeon Overview and Level Annotations

Branches:
Dungeon (11/15)            Temple (1/1) D:5            Lair (0/6) D:9
    Orc: D:9-12

Altars:
Ashenzari
Cheibriados
Dithmenos
Elyvilon
Kikubaaqudgha
Makhleb
Nemelex Xobeh
Okawaru
Qazlal
Ru
Trog
Uskayaw
Vehumet
Wu Jian
Xom
Yredelemnul
Zin
The Shining One

Annotations:
D:2 Terence
D:5 Dowan, Duvessa
D:7 Kzard's ghost, novice MiBe
D:9 2 transporters, Psyche


Innate Abilities, Weirdness & Mutations

You are small and have problems with some larger weapons.
You are somewhat resistant to further mutation.


Message History

Unknown command.
A worker ant zombie is nearby!
Aim: a worker ant zombie (resting)
You shoot a stone. The stone hits the worker ant zombie.
Aim: a worker ant zombie (lightly damaged)
You shoot a stone. The stone hits the worker ant zombie.
Aim: a worker ant zombie (lightly damaged)
You shoot a stone. The stone hits the worker ant zombie!
Aim: a worker ant zombie (heavily damaged)
You shoot a stone. The stone hits the worker ant zombie!
Aim: a worker ant zombie (almost destroyed)
You shoot a stone.
The stone hits the worker ant zombie but does no damage.
Aim: a worker ant zombie (almost destroyed)
You shoot a stone. The stone hits the worker ant zombie!
You destroy the worker ant zombie!
Okawaru accepts your kill.
No target in view!
A hydra and an ice beast come into view.
There are monsters nearby!
There are monsters nearby!
Unknown command.
You gain the combat prowess of a mighty hero.
Aim: an eight-headed hydra (resting)
You shoot a sling bullet.
The sling bullet hits the eight-headed hydra!
The eight-headed hydra roars!
Aim: an eight-headed hydra (lightly wounded)
You shoot a sling bullet.
The sling bullet hits the eight-headed hydra but does no damage.
A bullfrog comes into view.
Aim: an eight-headed hydra (lightly wounded)
You shoot a sling bullet.
The sling bullet hits the eight-headed hydra.
Aim: an eight-headed hydra (lightly wounded)
You shoot a sling bullet.
The sling bullet hits the eight-headed hydra!
Aim: an eight-headed hydra (moderately wounded)
You shoot a sling bullet.
The sling bullet hits the eight-headed hydra.
Aim: an eight-headed hydra (moderately wounded)
You shoot a sling bullet.
The sling bullet barely misses the eight-headed hydra.
Aim: an eight-headed hydra (moderately wounded)
You shoot a sling bullet.
The sling bullet hits the eight-headed hydra!
Aim: an eight-headed hydra (heavily wounded)
You shoot a sling bullet.
The sling bullet barely misses the bullfrog.
The sling bullet hits the eight-headed hydra.
A yaktaur comes into view.
Aim: an eight-headed hydra (heavily wounded)
You shoot a sling bullet.
The sling bullet closely misses the bullfrog.
The sling bullet barely misses the eight-headed hydra.
The yaktaur shouts!
The bullfrog misses you.
The yaktaur moves out of view.
Aim: an eight-headed hydra (heavily wounded)
You shoot a sling bullet.
The sling bullet hits the eight-headed hydra.
The bullfrog completely misses you.
Aim: an eight-headed hydra (heavily wounded)
You shoot a sling bullet.
The sling bullet barely misses the eight-headed hydra.
The bullfrog closely misses you.
The eight-headed hydra completely misses you.
The eight-headed hydra bites you!
The eight-headed hydra completely misses you.
The eight-headed hydra bites you.
The eight-headed hydra barely misses you.
The eight-headed hydra misses you.
The eight-headed hydra bites you but does no damage.
The eight-headed hydra completely misses you.
Aim: an eight-headed hydra (heavily wounded)
You shoot a sling bullet.
The sling bullet hits the eight-headed hydra!
The bullfrog completely misses you. The eight-headed hydra bites you!
The eight-headed hydra barely misses you.
The eight-headed hydra misses you.
The eight-headed hydra closely misses you.
The eight-headed hydra completely misses you.
The eight-headed hydra bites you. The eight-headed hydra bites you!
The eight-headed hydra completely misses you.
Aim: an eight-headed hydra (severely wounded)
You shoot a sling bullet.
The sling bullet barely misses the eight-headed hydra.
The sling bullet hits the ice beast!
The bullfrog misses you.
Aim: an eight-headed hydra (heavily wounded)
Okay, then.
Aim: an eight-headed hydra (heavily wounded, chance to defeat MR: 15%)
Okay, then.
Aim: a bullfrog (chance to defeat MR: 46%)
The bullfrog resists with some effort.
Evoking this partially-identified wand wasted a few charges.
You feel like a meek peon again. The bullfrog closely misses you.
The yaktaur wields an arbalest.
The yaktaur shoots a bolt.
The bolt hits you!!
* * * LOW HITPOINT WARNING * * *
The yaktaur shoots a bolt.
The bolt hits you!
You die...

.....................
.###########.........
?..... . #..####### (....
#..# (...# #..# (...##
#..####### (....
#......... (.(####
#####..##########.(.((..
......c.).@.DFY...((....(
#########################


You could see an eight-headed hydra, a yaktaur, an ice beast and a bullfrog.

Vanquished Creatures
  A troll (D:10)
  Sigmund (D:5)
  A hungry ghost (D:9)
  Edmund (D:5)
  A water moccasin (D:9)
  An eye of draining (D:8)
  2 ice beasts
  2 orc warriors
  4 sky beasts
  5 phantoms
  4 centaurs
  3 ogres
  A crocodile (D:7)
  4 bullfrogs
  3 scorpions
  12 killer bees
  2 howler monkeys (D:9)
  4 crimson imps
  A centaur zombie (D:5)
  A quasit (D:6)
  8 hounds
  5 orc wizards
  An orc priest (D:5)
  4 jellies
  2 iguanas
  Jessica (D:2)
  A bullfrog skeleton (D:9)
  5 worker ants
  2 hound skeletons
  A worker ant zombie (D:11)
  20 gnolls
  A howler monkey zombie (D:7)
  16 adders
  A shadow imp (D:9)
  3 oozes (D:3)
  An adder skeleton (D:8)
  An adder zombie (D:6)
  A worm (D:1)
  3 dart slugs
  5 leopard geckos
  28 orcs
  5 giant cockroaches
  11 goblins
  9 hobgoblins
  9 jackals
  6 kobolds
  A quokka (D:4)
  2 ball pythons
  7 bats
  3 frilled lizards
  5 rats
222 creatures vanquished.

Notes
Turn   | Place    | Note
-------+----------+-------------------------------------------
     0 | D:1      | Gorglomux the Halfling Hunter began the quest for the Orb.
     0 | D:1      | Reached XP level 1. HP: 14/14 MP: 1/1
    95 | D:1      | Reached skill level 6 in Slings
   117 | D:1      | Reached XP level 2. HP: 14/19 MP: 2/2
   120 | D:1      | Reached skill level 2 in Fighting
   283 | D:1      | Reached XP level 3. HP: 24/24 MP: 3/3
   409 | D:1      | Reached skill level 3 in Dodging
   849 | D:1      | Reached XP level 4. HP: 29/29 MP: 4/4
   990 | D:2      | Noticed Terence
  1015 | D:2      | HP: 7/29 [poisoned by Terence]
  1021 | D:2      | HP: 6/29 [poisoned by Terence]
  1028 | D:1      | HP: 4/29 [poisoned by Terence]
  1424 | D:2      | Reached skill level 7 in Slings
  1551 | D:2      | Reached XP level 5. HP: 29/35 MP: 5/5
  1640 | D:2      | Noticed Jessica
  1642 | D:2      | Killed Jessica
  1899 | D:2      | Found a radiant altar of Vehumet.
  2074 | D:3      | Reached skill level 4 in Dodging
  2387 | D:3      | Reached XP level 6. HP: 15/41 MP: 6/6
  2617 | D:3      | Reached skill level 3 in Fighting
  3340 | D:4      | Reached skill level 8 in Slings
  3463 | D:4      | Reached XP level 7. HP: 22/47 MP: 7/7
  3568 | D:4      | Reached skill level 5 in Dodging
  3875 | D:4      | Reached skill level 4 in Fighting
  3997 | D:4      | Reached skill level 9 in Slings
  4356 | D:4      | Found a sparkling altar of Nemelex Xobeh.
  4390 | D:5      | Entered Level 5 of the Dungeon
  4404 | D:5      | Reached XP level 8. HP: 31/54 MP: 8/8
  4591 | D:5      | Found a staircase to the Ecumenical Temple.
  4604 | Temple   | Entered the Ecumenical Temple
  4610 | Temple   | Became a worshipper of Warmaster Okawaru
  5027 | D:5      | Noticed Dowan
  5028 | D:5      | Noticed Duvessa
  5074 | D:5      | Reached skill level 6 in Dodging
  5082 | D:5      | Noticed Sigmund
  5106 | D:5      | Killed Sigmund
  5227 | D:5      | Noticed Edmund
  5268 | D:5      | Killed Edmund
  5268 | D:5      | Reached * piety under Okawaru
  5268 | D:5      | Reached skill level 5 in Fighting
  5268 | D:5      | Reached skill level 10 in Slings
  5554 | D:5      | Found a bloodstained altar of Trog.
  5965 | D:6      | Found a basalt altar of Yredelemnul.
  6249 | D:6      | Got a scintillating brass ring
  6315 | D:6      | Identified the ring "Potaxui" {rC- MR+ Dex+7} (You found it on level 6 of the Dungeon)
  6774 | D:7      | Noticed Kzard's ghost (novice MiBe)
  6978 | D:7      | Reached skill level 7 in Dodging
  7024 | D:7      | HP: 13/56 [Kzard's ghost (10)]
  7041 | D:7      | HP: 8/56 [Kzard's ghost (9)]
  7387 | D:7      | Reached XP level 9. HP: 61/61 MP: 9/9
  7814 | D:7      | Reached skill level 6 in Fighting
  7836 | D:7      | Reached skill level 11 in Slings
  8137 | D:7      | Found a glowing silver altar of Zin.
  8139 | D:7      | Found a burning altar of Makhleb.
  8140 | D:7      | Noticed an angel
  8142 | D:7      | Noticed an Executioner
  8247 | D:8      | Reached ** piety under Okawaru
  8344 | D:8      | Reached skill level 8 in Dodging
  8635 | D:8      | Reached skill level 12 in Slings
  8642 | D:8      | Reached XP level 10. HP: 56/69 MP: 10/10
  8676 | D:8      | Reached *** piety under Okawaru
  8676 | D:8      | Reached skill level 7 in Fighting
  9356 | D:8      | Reached skill level 9 in Dodging
  9863 | D:9      | Found an ornate altar of the Wu Jian Council.
  9864 | D:9      | Noticed Psyche
  9865 | D:9      | Noticed a stone giant
  9865 | D:9      | Noticed a green ugly thing
  9866 | D:9      | Noticed a centaur warrior
 10506 | D:9      | Reached skill level 13 in Slings
 10703 | D:9      | Found a staircase to the Lair.
 10906 | D:10     | Entered Level 10 of the Dungeon
 10929 | D:10     | Reached skill level 8 in Fighting
 11195 | D:10     | Identified the Volume of Changing
 11253 | D:10     | Reached **** piety under Okawaru
 11735 | D:10     | Received a gift from Okawaru
 11735 | D:10     | Reached skill level 10 in Dodging
 12281 | D:11     | Noticed an eight-headed hydra
 12291 | D:11     | Noticed a yaktaur
 12301 | D:11     | HP: 7/72 [yaktaur/bolt (24)]
 12303 | D:11     | Shot with a bolt by a yaktaur

Vault maps used:
D:1:      dpeg_arrival_simpleton_a, st_stairs_4
D:2:      nicolae_overflow_hidden_temple, first_bread, uniq_jessica,
          uniq_terence
D:3:      roderic_lattice_a, minmay_quantized
D:4:      nemelex_diamond_rough_becter
D:5:      minmay_temple_entry_purple_smoke, basic_altar, minmay_misc_feat_cross,
          sigmund_edmund_badplayer, uniq_duvessa
D:6:      lemuel_crystal_altar, kennysheep_generic_room_4
D:7:      grunt_temple_overflow_order_and_chaos_2
D:9:      gammafunk_temple_overflow_arena, lair_entry_dummy, uniq_psyche
D:11:     lab_entry_generic, hangedman_little_slice_of_home, st_stairs_14
Temple:   nicolae_temple_x_marks_the_god

Skill      XL: |  1  2  3  4  5  6  7  8  9 10 |
---------------+-------------------------------+-----
Slings         | 6 7 8 9 10 12 13 | 13.4
Fighting       | 2 3 4 5 6 8 |  8.3
Dodging        | 3 4 5 7 8 10 | 10.0
Stealth        | |  1.1

Action                   |  1- 3 |  4- 6 |  7- 9 | 10-12 || total
-------------------------+-------+-------+-------+-------++-------
Melee: Hunting sling     |       |       |       |     7 ||     7
 Fire: Hunting sling     |    88 |   226 |   578 |   539 ||  1431
Invok: Heroism           |       |       |     2 |     1 ||     3
Evoke: Wand              |       |       |     7 |     1 ||     8
  Use: Scroll            |       |       |     5 |     9 ||    14
       Potion            |       |       |     1 |       ||     1
  Eat: Chunk             |       |     7 |     8 |    11 ||    26
       Royal jelly       |       |       |     1 |       ||     1
       Meat ration       |       |       |     1 |       ||     1
Armor: Leather armour    |     1 |     8 |       |       ||     9
       Ring mail         |       |     2 |    57 |    38 ||    97
Dodge: Dodged            |    16 |    67 |   182 |   155 ||   420

Vault maps used:
D:1:      dpeg_arrival_simpleton_a, st_stairs_4
D:2:      nicolae_overflow_hidden_temple, first_bread, uniq_jessica,
          uniq_terence
D:3:      roderic_lattice_a, minmay_quantized
D:4:      nemelex_diamond_rough_becter
D:5:      minmay_temple_entry_purple_smoke, basic_altar, minmay_misc_feat_cross,
          sigmund_edmund_badplayer, uniq_duvessa
D:6:      lemuel_crystal_altar, kennysheep_generic_room_4
D:7:      grunt_temple_overflow_order_and_chaos_2
D:9:      gammafunk_temple_overflow_arena, lair_entry_dummy, uniq_psyche
D:11:     lab_entry_generic, hangedman_little_slice_of_home, st_stairs_14
Temple:   nicolae_temple_x_marks_the_god

Table legend:
 A = Turns spent in this place as a percentage of turns spent in the entire game.
 B = Non-inter-level travel turns spent in this place as a percentage of non-inter-level travel turns spent in the entire game.
 C = Inter-level travel turns spent in this place as a percentage of turns spent in this place.
 D = Turns resting spent in this place as a percentage of non-inter-level travel turns spent in this place.
 E = Turns spent auto-exploring this place as a percentage of non-inter-level travel turns spent in this place.
 F = Non-inter-level travel turns spent in this place divided by the number of levels of this place that you've seen.
                   A       B       C       D       E      F
               +-------+-------+-------+-------+-------+----------------------
         Total | 100.0 | 100.0 |   0.5 |   1.5 |   9.5 | 291.4
       Dungeon |  99.8 |  99.8 |   0.5 |   1.5 |   9.5 | 317.3
        Temple |   0.2 |   0.2 |  12.5 |   0.0 |  14.3 |   7.0
               +-------+-------+-------+-------+-------+----------------------

Table legend:
 A = Kills in this place as a percentage of kills in entire the game.
 B = Kills by you in this place as a percentage of kills by you in the entire game.
 C = Kills by friends in this place as a percentage of kills by friends in the entire game.
 D = Other kills in this place as a percentage of other kills in the entire game.
 E = Experience gained in this place as a percentage of experience gained in the entire game.
 F = Experience gained in this place divided by the number of levels of this place that you have seen.
                   A       B       C       D       E      F
               +-------+-------+-------+-------+-------+----------------------
         Total | 100.0 | 100.0 |  -nan |  -nan | 100.0 | 611.8
       Dungeon | 100.0 | 100.0 |  -nan |  -nan | 100.0 | 667.5
               +-------+-------+-------+-------+-------+----------------------
